APP
PHILADELPHIA (APP) PHILLIES @ MISSOULA OSPREY
06/14/2044
 
TOP OF THE 1ST
Philadelphia (APP) Phillies batting - Pitching for Missoula Osprey : RHP Adam Maida
Pitching: RHP Adam Maida
Batting: LHB Matt Urbanek 0-0: Called Strike
0-1: Foul Ball, location: 2F
0-2: Foul Ball, location: 2F
0-2: Ball
1-2: SINGLE (Flyball, 5D, EV 101.2 MPH)
Batting: RHB Carlos Morejon 0-0: Ball
Matt Urbanek steals 2nd base (no throw)
1-0: Ball
2-0: Foul Ball, location: 2F
2-1: Ball
3-1: Called Strike
3-2: Base on Balls
Batting: RHB Kyle Reilly 0-0: Ball
1-0: Ball
Carlos Morejon steals 2nd base
Matt Urbanek steals 3rd base
2-0: Foul Ball, location: 2F
2-1: Foul Ball, location: 2F
2-2: Fly out, F8 (Line Drive, 8RD, EV 89.4 MPH)
Runner from 3rd tags up, SCORES, throw by CF
Carlos Morejon to third
Batting: RHB Seung-mun Kim 0-0: Ball
1-0: Ball
Wild Pitch!
Carlos Morejon scores
2-0: Ball
3-0: Called Strike
3-1: Called Strike
3-2: DOUBLE (Line Drive, 78D, EV 101.9 MPH)
Batting: LHB Josh George 0-0: Swinging Strike
0-1: Swinging Strike
0-2: Strikes out swinging
Batting: RHB Mark Schultz 0-0: Called Strike
0-1: Called Strike
0-2: Ball
1-2: Ball
2-2: Strikes out swinging
Top of the 1st over - 2 runs, 2 hits, 0 errors, 1 left on base; Philadelphia (APP) 2 - Missoula 0
BOTTOM OF THE 1ST
Missoula Osprey batting - Pitching for Philadelphia (APP) Phillies : RHP Manny Cordova
Pitching: RHP Manny Cordova
Batting: RHB Nate Spencer 0-0: Ball
1-0: Ball
2-0: Ground out U3 (Groundball, 3, EV 86.9 MPH)
Batting: RHB Paul Schreiber 0-0: Called Strike
0-1: SINGLE (Groundball, 4MS, EV 65.6 MPH) (infield hit)
Batting: SHB Blaine Peters 0-0: Foul Ball, location: 2F
0-1: Foul Ball, location: 2F
0-2: Foul Ball, location: 2F
0-2: Ball
1-2: SINGLE (Groundball, 34D, EV 98.8 MPH)
Paul Schreiber to second
Runner from 2nd tries for 3rd, SAFE, throw by RF made at trailing runner, OUT! 9-6
Batting: RHB Antonio Luisa 0-0: Ball
1-0: Called Strike
1-1: Ball
2-1: SINGLE (Groundball, 5D, EV 98.1 MPH)
Paul Schreiber scores
Batting: RHB Chad Mendoza 0-0: SINGLE (Groundball, 6MD, EV 105.0 MPH)
Antonio Luisa to second
Batting: LHB Jeff Harmon 0-0: Ball
1-0: Ball
2-0: Called Strike
2-1: SINGLE (Groundball, 56D, EV 102.5 MPH)
Antonio Luisa to third
Chad Mendoza to second
Batting: RHB Ernesto Zamora 0-0: Ball
1-0: Ball
2-0: Ball
3-0: Base on Balls
Antonio Luisa scores
Chad Mendoza to third
Jeff Harmon to second
Batting: SHB Lee Dillon 0-0: Foul Ball, location: 2F
0-1: Foul Ball, location: 2F
0-2: Ball
1-2: Strikes out swinging
Bottom of the 1st over - 2 runs, 5 hits, 0 errors, 3 left on base; Philadelphia (APP) 2 - Missoula 2
TOP OF THE 2ND
Philadelphia (APP) Phillies batting - Pitching for Missoula Osprey : RHP Adam Maida
Batting: RHB Vaclav Been 0-0: Called Strike
0-1: Foul Ball, location: 2F
0-2: Ball
1-2: Fly out, F9 (Flyball, 9D, EV 103.1 MPH)
Batting: RHB Gary Sampson 0-0: Ball
1-0: Ball
2-0: Ball
3-0: Base on Balls
Batting: LHB Jesse Haught 0-0: Fielders Choice at 2nd, 4-6 (Groundball, 34, EV 86.9 MPH)
Batting: LHB Matt Urbanek 0-0: Ball
1-0: Ground out U3 (Groundball, 3S, EV 70.0 MPH)
Top of the 2nd over - 0 runs, 0 hits, 0 errors, 1 left on base; Philadelphia (APP) 2 - Missoula 2
BOTTOM OF THE 2ND
Missoula Osprey batting - Pitching for Philadelphia (APP) Phillies : RHP Manny Cordova
Batting: RHB Hyeok Shon 0-0: Called Strike
0-1: Ball
1-1: Ball
2-1: Swinging Strike
2-2: Foul Ball, location: 2F
2-2: Strikes out swinging
Batting: RHB Nate Spencer 0-0: Foul Ball, location: 2F
0-1: Swinging Strike
0-2: Ball
1-2: Foul Ball, location: 2F
1-2: Ball
2-2: Foul Ball, location: 2F
2-2: DOUBLE (Flyball, 8LXD, EV 98.8 MPH)
Batting: RHB Paul Schreiber 0-0: Ball
1-0: Called Strike
1-1: Ball
2-1: Swinging Strike
2-2: Foul Ball, location: 2F
2-2: Foul Ball, location: 2F
2-2: Ball
3-2: Foul Ball, location: 2F
3-2: Ground out 6-3 (Groundball, 56, EV 81.2 MPH)
Batting: SHB Blaine Peters 0-0: Called Strike
0-1: Ground out 6-3 (Groundball, 6, EV 78.8 MPH)
Bottom of the 2nd over - 0 runs, 1 hit, 0 errors, 1 left on base; Philadelphia (APP) 2 - Missoula 2
TOP OF THE 3RD
Philadelphia (APP) Phillies batting - Pitching for Missoula Osprey : RHP Adam Maida
Batting: RHB Carlos Morejon 0-0: Ground out 5-3 (Groundball, 5, EV 88.8 MPH)
Batting: RHB Kyle Reilly 0-0: Swinging Strike
0-1: DOUBLE (Line Drive, 78D, EV 114.4 MPH)
Batting: RHB Seung-mun Kim 0-0: Ball
1-0: Ball
2-0: 2-RUN HOME RUN (Flyball, 8LXD, EV 101.9 MPH), Distance : 411 ft
Batting: LHB Josh George 0-0: Ball
1-0: Ball
2-0: Foul Ball, location: 2F
2-1: DOUBLE (Line Drive, 78XD, EV 102.5 MPH)
Batting: RHB Mark Schultz 0-0: Swinging Strike
0-1: Fly out, F2 (Popup, 25F, EV 90.6 MPH)
Batting: RHB Vaclav Been 0-0: Called Strike
0-1: Ball
1-1: Ball
2-1: Swinging Strike
2-2: Foul Ball, location: 2F
2-2: Foul Ball, location: 2F
2-2: Ball
3-2: Foul Ball, location: 2F
3-2: Ground out U3 (Groundball, 3, EV 84.4 MPH)
Top of the 3rd over - 2 runs, 3 hits, 0 errors, 1 left on base; Philadelphia (APP) 4 - Missoula 2
BOTTOM OF THE 3RD
Missoula Osprey batting - Pitching for Philadelphia (APP) Phillies : RHP Manny Cordova
Batting: RHB Antonio Luisa 0-0: Ball
1-0: SINGLE (Line Drive, 9LS, EV 91.9 MPH)
Batting: RHB Chad Mendoza 0-0: Grounds into double play, 6-4-3 (Groundball, 6, EV 91.2 MPH)
Batting: LHB Jeff Harmon 0-0: Ball
1-0: Called Strike
1-1: Ball
2-1: Called Strike
2-2: Strikes out swinging
Bottom of the 3rd over - 0 runs, 1 hit, 0 errors, 0 left on base; Philadelphia (APP) 4 - Missoula 2
TOP OF THE 4TH
Philadelphia (APP) Phillies batting - Pitching for Missoula Osprey : RHP Adam Maida
Batting: RHB Gary Sampson 0-0: Ball
1-0: DOUBLE (Line Drive, 89XD, EV 105.0 MPH)
Batting: LHB Jesse Haught 0-0: DOUBLE (Line Drive, 5D, EV 104.4 MPH)
Gary Sampson scores
Pitching: RHP Alan Muth
Batting: LHB Matt Urbanek 0-0: Called Strike
0-1: Called Strike
0-2: Ball
1-2: Ball
2-2: Strikes out swinging
Batting: RHB Carlos Morejon 0-0: Called Strike
0-1: Ball
Jesse Haught steals 3rd, throwing error, E2
Jesse Haught scores
1-1: Called Strike
1-2: Foul Ball, location: 2F
1-2: Ball
2-2: Foul Ball, location: 2F
2-2: Foul Ball, location: 2F
2-2: Ball
3-2: Strikes out looking
Batting: RHB Kyle Reilly 0-0: Ground out 5-3 (Groundball, 5S, EV 83.8 MPH)
Top of the 4th over - 2 runs, 2 hits, 1 error, 0 left on base; Philadelphia (APP) 6 - Missoula 2
BOTTOM OF THE 4TH
Missoula Osprey batting - Pitching for Philadelphia (APP) Phillies : RHP Manny Cordova
Batting: RHB Ernesto Zamora 0-0: Ball
1-0: Ball
2-0: Called Strike
2-1: Ground out 5-3 (Groundball, 56, EV 105.6 MPH)
Batting: SHB Lee Dillon 0-0: Ball
1-0: Fly out, F3 (Line Drive, 3, EV 67.5 MPH)
Batting: RHB Hyeok Shon 0-0: Ball
1-0: Foul Ball, location: 2F
1-1: Swinging Strike
1-2: Ball
2-2: Fly out, F8 (Flyball, 8LS, EV 89.4 MPH)
Bottom of the 4th over - 0 runs, 0 hits, 0 errors, 0 left on base; Philadelphia (APP) 6 - Missoula 2
TOP OF THE 5TH
Philadelphia (APP) Phillies batting - Pitching for Missoula Osprey : RHP Alan Muth
Batting: RHB Seung-mun Kim 0-0: Called Strike
0-1: Ball
1-1: Ball
2-1: Hit by Pitch
Batting: LHB Josh George 0-0: Ball
1-0: Fielders Choice at 2nd, 4-6 (Groundball, 4MD, EV 107.5 MPH)
Batting: RHB Mark Schultz 0-0: Fly out, F9 (Line Drive, 9, EV 90.6 MPH)
Batting: RHB Vaclav Been 0-0: Ball
Josh George steals 2nd base
1-0: Ball
2-0: Ground out U3 (Groundball, 3S, EV 86.2 MPH)
Top of the 5th over - 0 runs, 0 hits, 0 errors, 1 left on base; Philadelphia (APP) 6 - Missoula 2
BOTTOM OF THE 5TH
Missoula Osprey batting - Pitching for Philadelphia (APP) Phillies : RHP Manny Cordova
Batting: RHB Nate Spencer 0-0: Called Strike
0-1: Foul Ball, location: 2F
0-2: Ball
1-2: Ball
2-2: Foul Ball, location: 2F
2-2: Ground out U3 (Groundball, 13, EV 91.2 MPH)
Batting: RHB Paul Schreiber 0-0: Foul Ball, location: 2F
0-1: Swinging Strike
0-2: Ball
1-2: Strikes out swinging
Batting: SHB Blaine Peters 0-0: Ball
1-0: SOLO HOME RUN (Flyball, 9D, EV 93.1 MPH), Distance : 338 ft
Batting: RHB Antonio Luisa 0-0: Ball
1-0: Ball
2-0: Ball
3-0: Base on Balls
Batting: RHB Chad Mendoza 0-0: Called Strike
0-1: Ball
1-1: 2-RUN HOME RUN (Flyball, 7D, EV 93.8 MPH), Distance : 345 ft
DELAY Rain delay of 22 minutes in the 5th inning.
Pitching: LHP Ignacio Amaya
Batting: LHB Jeff Harmon 0-0: Foul Ball, location: 2F
0-1: Fly out, F9 (Line Drive, 9D, EV 84.4 MPH)
Bottom of the 5th over - 3 runs, 2 hits, 0 errors, 0 left on base; Philadelphia (APP) 6 - Missoula 5
TOP OF THE 6TH
Philadelphia (APP) Phillies batting - Pitching for Missoula Osprey : RHP Alan Muth
Pitching: LHP Heath Henderson
Batting: RHB Gary Sampson 0-0: Ball
1-0: Foul Ball, location: 2F
1-1: Foul Ball, location: 2F
1-2: Strikes out swinging
Batting: LHB Jesse Haught 0-0: Ball
1-0: Ball
2-0: Ground out 3-1 (Groundball, 34, EV 103.1 MPH)
Batting: LHB Matt Urbanek 0-0: Ball
1-0: Ball
2-0: Ball
3-0: Base on Balls
Batting: RHB Carlos Morejon 0-0: Ball
1-0: Swinging Strike
1-1: Ball
2-1: SINGLE (Groundball, 6MD, EV 110.6 MPH)
Matt Urbanek to second
Runner from 2nd tries for 3rd, SAFE, no throw by CF
Batting: RHB Kyle Reilly 0-0: Called Strike
0-1: Ball
1-1: Swinging Strike
1-2: Foul Ball, location: 2F
1-2: Ball
2-2: Ball
3-2: Foul Ball, location: 2F
3-2: Foul Ball, location: 2F
3-2: Strikes out looking
Top of the 6th over - 0 runs, 1 hit, 0 errors, 2 left on base; Philadelphia (APP) 6 - Missoula 5
BOTTOM OF THE 6TH
Missoula Osprey batting - Pitching for Philadelphia (APP) Phillies : LHP Ignacio Amaya
Batting: RHB Ernesto Zamora 0-0: Fly out, F3 (Popup, 23F, EV 86.9 MPH)
Batting: SHB Lee Dillon 0-0: Ball
1-0: Swinging Strike
1-1: Ball
2-1: Ground out 4-3 (Groundball, 4, EV 83.8 MPH)
Batting: RHB Hyeok Shon 0-0: Ball
1-0: Ball
2-0: Ball
3-0: Base on Balls
Batting: RHB Nate Spencer 0-0: Ball
1-0: Called Strike
1-1: Ball
2-1: Foul Ball, location: 2F
Balk!
Hyeok Shon to second
2-2: SINGLE (Groundball, 6MD, EV 95.6 MPH)
Hyeok Shon to third
Runner from 3rd tries for Home, SAFE, throw by CF to home
Nate Spencer to second
Pitching: RHP Andy Burchfield
Batting: RHB Paul Schreiber 0-0: Ball
1-0: Foul Ball, location: 2F
1-1: Foul Ball, location: 2F
1-2: Ball
2-2: Foul Ball, location: 2F
2-2: DOUBLE (Groundball, 5L, EV 104.4 MPH)
Nate Spencer scores
Batting: SHB Blaine Peters 0-0: Ball
1-0: Called Strike
1-1: Foul Ball, location: 2F
1-2: Ball
Wild Pitch!
Paul Schreiber to third
2-2: SINGLE (Line Drive, 34, EV 108.1 MPH)
Paul Schreiber scores
Batting: RHB Antonio Luisa 0-0: Ball
Blaine Peters steals 2nd base (no throw)
1-0: Ball
2-0: Ball
Passed Ball!
Blaine Peters to third
3-0: Called Strike
3-1: Base on Balls
Batting: RHB Chad Mendoza 0-0: Called Strike
0-1: DOUBLE (Groundball, 5L, EV 106.9 MPH)
Blaine Peters scores
Antonio Luisa to third
Runner from 3rd tries for Home, SAFE, throw by LF to trailing runner, OUT at third! 7-3-5
Bottom of the 6th over - 5 runs, 4 hits, 0 errors, 0 left on base; Philadelphia (APP) 6 - Missoula 10
TOP OF THE 7TH
Philadelphia (APP) Phillies batting - Pitching for Missoula Osprey : LHP Heath Henderson
Pitching: RHP John Petersen
Batting: RHB Seung-mun Kim 0-0: Ball
1-0: Ball
2-0: Swinging Strike
2-1: Ball
3-1: Foul Ball, location: 2F
3-2: Base on Balls
Batting: LHB Josh George 0-0: Foul Ball, location: 2F
0-1: 2-RUN HOME RUN (Flyball, 8RXD, EV 104.4 MPH), Distance : 435 ft
Batting: RHB Mark Schultz 0-0: Called Strike
0-1: Foul Ball, location: 2F
0-2: Strikes out swinging
Batting: RHB Vaclav Been 0-0: Called Strike
0-1: DOUBLE (Line Drive, 9LS, EV 98.1 MPH)
Batting: RHB Gary Sampson 0-0: Called Strike
0-1: Swinging Strike
0-2: Ball
1-2: Ball
2-2: 2-RUN HOME RUN (Flyball, 9D, EV 94.4 MPH), Distance : 342 ft
Pitching: RHP Rick Foster
Batting: LHB Jesse Haught 0-0: Foul Ball, location: 2F
0-1: Ball
1-1: Ball
2-1: DOUBLE (Line Drive, 89M, EV 98.1 MPH)
Batting: LHB Matt Urbanek 0-0: Ball
1-0: Foul Ball, location: 2F
1-1: SINGLE (Groundball, 25, EV 65.0 MPH) (infield hit)
Jesse Haught to third
Batting: RHB Carlos Morejon 0-0: Ball
1-0: Fly out, F7 (Flyball, 7LS, EV 77.5 MPH)
Batting: RHB Kyle Reilly 0-0: Ball
1-0: Foul Ball, location: 2F
1-1: Foul Ball, location: 2F
1-2: Hit by Pitch
Matt Urbanek to second
Batting: RHB Seung-mun Kim 0-0: Ball
1-0: DOUBLE (Flyball, 8RXD, EV 110.6 MPH)
Jesse Haught scores
Matt Urbanek scores
Kyle Reilly to third
Runner from 3rd tries for Home, SAFE, throw by CF to trailing runner, SAFE at third!
Pitching: RHP Jason Hammons
Batting: LHB Josh George 0-0: Swinging Strike
0-1: Ball
1-1: Fly out, F2 (Popup, 23F, EV 86.9 MPH)
Top of the 7th over - 7 runs, 6 hits, 0 errors, 1 left on base; Philadelphia (APP) 13 - Missoula 10
BOTTOM OF THE 7TH
Missoula Osprey batting - Pitching for Philadelphia (APP) Phillies : RHP Andy Burchfield
Pitching: RHP Lucas McPhillie
Batting: LHB Jeff Harmon 0-0: Ball
1-0: Ball
2-0: Ball
3-0: Base on Balls
Batting: RHB Ernesto Zamora 0-0: Called Strike
0-1: Called Strike
0-2: Ball
1-2: Strikes out swinging
Batting: SHB Lee Dillon 0-0: Ball
1-0: Ball
2-0: Fielders Choice at 2nd, 6-4 (Groundball, 6, EV 81.2 MPH)
Batting: RHB Hyeok Shon 0-0: Ball
1-0: Called Strike
1-1: Ball
2-1: Ball
3-1: Base on Balls
Lee Dillon to second
Batting: RHB Nate Spencer 0-0: Called Strike
0-1: Swinging Strike
0-2: Ball
1-2: Fielders Choice at 2nd, 6-4 (Groundball, 56, EV 106.9 MPH)
Bottom of the 7th over - 0 runs, 0 hits, 0 errors, 2 left on base; Philadelphia (APP) 13 - Missoula 10
TOP OF THE 8TH
Philadelphia (APP) Phillies batting - Pitching for Missoula Osprey : RHP Jason Hammons
Batting: RHB Mark Schultz 0-0: Ball
1-0: Called Strike
1-1: Called Strike
1-2: DOUBLE (Line Drive, 9LS, EV 106.2 MPH)
Batting: RHB Vaclav Been 0-0: Called Strike
0-1: Ball
1-1: Called Strike
1-2: SINGLE (Groundball, 6MD, EV 105.6 MPH)
Mark Schultz to third
Runner from 3rd tries for Home, SAFE, throw by CF to home
Batting: RHB Gary Sampson 0-0: 2-RUN HOME RUN (Flyball, 7LD, EV 97.5 MPH), Distance : 350 ft
Batting: LHB Jesse Haught 0-0: Called Strike
0-1: Ball
1-1: Ball
2-1: Ball
3-1: Base on Balls
Batting: LHB Matt Urbanek 0-0: Called Strike
0-1: Ball
1-1: Ball
2-1: Swinging Strike
2-2: Foul Ball, location: 2F
2-2: Ball
3-2: Strikes out swinging
Pitching: RHP Tom Alatas
Batting: RHB Carlos Morejon 0-0: Ball
1-0: Called Strike
1-1: Ball
2-1: Foul Ball, location: 2F
2-2: Fielders Choice at 2nd, 5-4 (Groundball, 56S, EV 83.1 MPH)
Batting: RHB Kyle Reilly 0-0: Ball
1-0: Ball
2-0: Ball
3-0: Base on Balls
Carlos Morejon to second
Batting: RHB Seung-mun Kim 0-0: 3-RUN HOME RUN (Flyball, 9D, EV 93.1 MPH), Distance : 346 ft
Batting: LHB Josh George 0-0: Ball
1-0: Ground out 4-3 (Groundball, 4, EV 81.2 MPH)
Top of the 8th over - 6 runs, 4 hits, 0 errors, 0 left on base; Philadelphia (APP) 19 - Missoula 10
BOTTOM OF THE 8TH
Missoula Osprey batting - Pitching for Philadelphia (APP) Phillies : RHP Lucas McPhillie
Pinch Hitting: RHB Mike Eagerton 0-0: Ball
1-0: Foul Ball, location: 2F
1-1: Foul Ball, location: 2F
1-2: Foul Ball, location: 2F
1-2: Foul Ball, location: 2F
1-2: Ball
2-2: Ball
3-2: Base on Balls
Pinch Hitting: RHB Matt Bailey 0-0: Ball
1-0: Ball
2-0: Ball
3-0: Called Strike
3-1: Foul Ball, location: 2F
3-2: Fielders Choice at 2nd, 3-6 (Groundball, 34S, EV 86.9 MPH)
Pinch Hitting: RHB Jonathan Mora 0-0: Called Strike
0-1: SINGLE (Groundball, 6MD, EV 95.0 MPH)
Matt Bailey to second
Pitching: RHP Georgs Felitti
Batting: RHB Chad Mendoza 0-0: Foul Ball, location: 2F
0-1: Ball
Wild Pitch!
Matt Bailey to third
Jonathan Mora to second
1-1: Called Strike
1-2: SINGLE (Groundball, 6MD, EV 104.4 MPH)
Matt Bailey scores
Jonathan Mora to third
Runner from 3rd tries for Home, SAFE, throw by CF to home
Batting: LHB Jeff Harmon 0-0: Foul Ball, location: 2F
0-1: Ball
1-1: Fly out, F4 (Line Drive, 4, EV 65.0 MPH)
Batting: RHB Ernesto Zamora 0-0: Fielders Choice at 2nd, 5-4 (Groundball, 56, EV 89.4 MPH)
Bottom of the 8th over - 2 runs, 2 hits, 0 errors, 1 left on base; Philadelphia (APP) 19 - Missoula 12
TOP OF THE 9TH
Philadelphia (APP) Phillies batting - Pitching for Missoula Osprey : RHP Tom Alatas
Now at 1B: Jonathan Mora
Now in LF: Tae-geun Kwang
Now in RF: Mike Eagerton
Batting: RHB Mark Schultz 0-0: Swinging Strike
0-1: SINGLE (Line Drive, 6MD, EV 95.6 MPH)
Batting: RHB Vaclav Been 0-0: Ball
1-0: Foul Ball, location: 2F
1-1: Swinging Strike
1-2: Ball
2-2: Ball
3-2: Base on Balls
Mark Schultz to second
Batting: RHB Gary Sampson 0-0: Ball
1-0: Foul Ball, location: 2F
1-1: Fielders Choice at 2nd, 1-4 (Groundball, 25, EV 66.2 MPH)
Mark Schultz to third
Batting: LHB Jesse Haught 0-0: Ball
1-0: Called Strike
1-1: Swinging Strike
1-2: Foul Ball, location: 2F
1-2: Ball
2-2: Foul Ball, location: 2F
2-2: Strikes out swinging
Batting: LHB Matt Urbanek 0-0: Swinging Strike
0-1: Called Strike
0-2: Ball
1-2: Ball
2-2: Foul Ball, location: 2F
2-2: Ball
3-2: Base on Balls
Gary Sampson to second
Batting: RHB Carlos Morejon 0-0: Ball
1-0: DOUBLE (Line Drive, 9LS, EV 98.8 MPH)
Mark Schultz scores
Gary Sampson scores
Matt Urbanek to third
Runner from 3rd tries for Home, SAFE, throw by RF to home
Pitching: RHP Edwin Romero
Batting: RHB Kyle Reilly 0-0: Called Strike
0-1: Fly out, F8 (Flyball, 8LD, EV 93.1 MPH)
Top of the 9th over - 3 runs, 2 hits, 0 errors, 1 left on base; Philadelphia (APP) 22 - Missoula 12
BOTTOM OF THE 9TH
Missoula Osprey batting - Pitching for Philadelphia (APP) Phillies : RHP Georgs Felitti
Batting: SHB Lee Dillon 0-0: Foul Ball, location: 2F
0-1: Ball
1-1: Ball
2-1: Ball
3-1: Foul Ball, location: 2F
3-2: SINGLE (Groundball, 4D, EV 95.0 MPH)
Pinch Hitting: SHB Evan Armagost 0-0: Called Strike
0-1: Fielders Choice at 2nd, 4-6 (Groundball, 34D, EV 90.6 MPH)
Batting: RHB Nate Spencer 0-0: Foul Ball, location: 2F
0-1: Ball
1-1: Foul Ball, location: 2F
1-2: Reached on error, E5 (Groundball, 56, EV 83.1 MPH)
Evan Armagost to second
Pitching: RHP Dustin Greaves
Batting: RHB Mike Eagerton 0-0: Ball
1-0: Ball
2-0: Fielders Choice at 2nd, 6-4 (Groundball, 6, EV 78.8 MPH)
Evan Armagost to third
Batting: LHB Tae-geun Kwang 0-0: SINGLE (Groundball, 4MS, EV 67.5 MPH) (infield hit)
Evan Armagost scores
Mike Eagerton to second
Pinch Hitting: SHB Roger Holmes 0-0: Ball
1-0: Called Strike
1-1: Swinging Strike
1-2: Ball
2-2: Foul Ball, location: 2F
2-2: Foul Ball, location: 2F
2-2: Fly out, F9 (Line Drive, 9S, EV 98.8 MPH)
Bottom of the 9th over - 1 run, 2 hits, 1 error, 2 left on base; Philadelphia (APP) 22 - Missoula 13
Thursday, March 31st , 2022 - OOTP Baseball 22.12 Build 89